 Dungeon Crawl Stone Soup version 0.17-a0-2231-gd80ca38 (webtiles) character file.

459 Maka the Insei (level 6, -6/47 HPs)
             Began as a Draconian Transmuter on Oct 29, 2015.
             Mangled by an ogre
             ... wielding a +0 giant club
              (22 damage)
             ... on level 4 of the Dungeon.
             The game lasted 00:09:21 (3657 turns).

Maka the Insei (Draconian Transmuter)               Turns: 3657, Time: 00:09:21

Health: -6/47      AC:  2    Str: 12    XL:     6   Next: 78%
Magic:  5/10       EV: 21    Int: 14    God:
Gold:   166        SH:  0    Dex: 18    Spells: 3 memorised, 5 levels left

rFire  . . .     SeeInvis .       - Unarmed
rCold  . . .     Clarity  .     (armour unavailable)
rNeg   + . .     SustAt   .     (shield currently unavailable)
rPois  x         Gourm    .     (helmet currently unavailable)
rElec  .         Spirit   .     (cloak currently unavailable)
rCorr  .         Warding  .     (gloves currently unavailable)
rMut   .         Stasis   .     (boots currently unavailable)
MR     .....                    (no amulet)
Stlth  ++........               (no ring)
                                o - ring of positive energy

@: spider-form (expiring), very slightly contaminated, not resistant to hostile
enchantments, unstealthy
A: unfitting armour, (cold-blooded), AC +6
a: End Transformation


You were on level 4 of the Dungeon.
You were not hungry.
You were a venomous arachnid creature.
You visited 1 branch of the dungeon, and saw 4 of its levels.

You collected 166 gold pieces.

Inventory:

Missiles
 a - 35 arrows
 i - a throwing net (quivered)
Armour
 k - a +1 cloak of poison resistance (melded)
 p - a cursed +0 pair of boots (melded)
Jewellery
 o - a ring of positive energy (left front leg)
Scrolls
 g - a scroll of recharging {unknown}
 h - 2 scrolls of teleportation {unknown}
Potions
 d - 2 potions of brilliance {unknown}
 e - a potion of magic
 j - a potion of flight {unknown}
 l - 2 potions of heal wounds {unknown}
 m - a potion of haste {unknown}
 n - 2 potions of resistance {unknown}
Books
 b - a book of Changes

   Spells                             Type                      Level
   a - Beastly Appendage              Transmutation                1
   b - Sticks to Snakes               Transmutation                2
   c - Spider Form                    Transmutation/Poison         3
   d - Ice Form                       Ice/Transmutation            4
   e - Blade Hands                    Transmutation                5
Comestibles
 c - a bread ration
 f - 5 meat rations


   Skills:
 - Level 1.1 Fighting
 - Level 3.0 Dodging
 + Level 6.3 Unarmed Combat
 - Level 3.0 Spellcasting
 - Level 3.0 Transmutations


You had 5 spell levels left.
You knew the following spells:

 Your Spells              Type           Power        Failure   Level  Hunger
a - Beastly Appendage     Trmt           ##....       24%         1    #......
b - Sticks to Snakes      Trmt           ##........   28%         2    ##.....
c - Spider Form           Trmt/Pois      #.........   61%         3    ###....


Dungeon Overview and Level Annotations

Branches:
Dungeon (4/15)
 Temple: D:4-7

Altars:
Dithmenos
Fedhas
Kikubaaqudgha
Nemelex Xobeh
Yredelemnul
The Shining One

Shops:
D:4 %


Innate Abilities, Weirdness & Mutations

((Your plain brown scales are hard (AC +6).))
Your body does not fit into most forms of armour.
((You are cold-blooded and may be slowed by cold attacks.))


Message History

Casting: Spider Form
Confirm with . or Enter, or press ? or * to list all spells.
You turn into a venomous arachnid creature.
Your +1 cloak of poison resistance melds into your body.
Your cursed +0 pair of boots melds into your body.
You no longer feel resistant to poison.
The ogre barely misses you.
You hit the ogre.
The ogre is lightly wounded.
You bite the ogre!
The ogre is poisoned.
The ogre is moderately wounded.
The ogre hits you with a giant club!!
You hit the ogre.
The ogre is heavily wounded.
Your transformation is almost over.
The ogre closely misses you.
You hit the ogre.
The ogre looks even sicker.
The ogre is severely wounded.
The ogre hits you with a giant club!!
You die...

### #############.#########
#>.....................
#......................
#.......#.###.####.####
###########.#...........#..
#.....#..Os.#.....###†#.#.#
#.....#.#########.#.....#.#
#.........# ..#.#.###.#
#.......#.# ###.#.....#
#........... #...#####
#......##.#.. #...# #..
.......O. .#.... .....# #..
.####.... # #.# #.....# #..
#..#. .. #.....# #..


You could see an ogre.

Vanquished Creatures
  A giant frog (D:3)
  A scorpion (D:4)
  2 hounds (D:4)
  An orc priest (D:4)
  2 orc wizards
  A hound skeleton (D:4)
  4 gnolls
  7 adders
  3 worms
  A giant gecko (D:2)
  9 orcs
  9 bats
  7 giant cockroaches
  3 goblins
  8 hobgoblins
  4 jackals (D:1)
  6 kobolds
  4 giant newts
  3 quokkas
  5 rats
81 creatures vanquished.

Vanquished Creatures (others)
  The ghost of septik the Cudgeler, an amateur GrFi (D:4)
1 creature vanquished.

Grand Total: 82 creatures vanquished

Notes
Turn   | Place    | Note
--------------------------------------------------------------
     0 | D:1      | Maka the Draconian Transmuter began the quest for the Orb.
     0 | D:1      | Reached XP level 1. HP: 16/16 MP: 3/3
   248 | D:1      | Reached XP level 2. HP: 21/23 MP: 3/5
   522 | D:1      | Reached skill level 4 in Unarmed Combat
   647 | D:2      | Reached XP level 3. HP: 25/28 MP: 6/6
  1903 | D:3      | Reached skill level 5 in Unarmed Combat
  1903 | D:3      | Reached XP level 4. HP: 28/35 MP: 7/7
  2182 | D:3      | Found a sparkling altar of Nemelex Xobeh.
  2283 | D:2      | Learned a level 2 spell: Sticks to Snakes
  2287 | D:2      | Learned a level 3 spell: Spider Form
  2304 | D:2      | Reached XP level 5. HP: 26/40 MP: 8/8
  2766 | D:3      | Found a basalt altar of Yredelemnul.
  2767 | D:3      | Found a shadowy altar of Dithmenos.
  2770 | D:3      | Found an ancient bone altar of Kikubaaqudgha.
  2770 | D:3      | Found a glowing golden altar of the Shining One.
  2805 | D:3      | Found a blossoming altar of Fedhas.
  2966 | D:3      | Noticed a giant frog
  2980 | D:3      | Killed a giant frog
  2980 | D:3      | Reached skill level 6 in Unarmed Combat
  2980 | D:3      | Reached XP level 6. HP: 36/47 MP: 9/9
  3277 | D:4      | Killed septik's ghost
  3353 | D:4      | Found Fogaew's Food Boutique.
  3657 | D:4      | Mangled by an ogre

Vault maps used:
D:1:      dpeg_arrival_erosion, solitary_fountain
D:2:      first_bread
D:3:      nemelex_deck, grunt_temple_overflow_open, kennysheep_nub
D:4:      lemuel_temple_firewalk, serial_shops, shop, minivault_14,
          grunt_decor_mini_mirrors

Action                   |  1- 3 |  4- 6 || total
-------------------------+-------+-------++-------
Melee: Unarmed           |   157 |   205 ||   362
 Cast: Beastly Appendage |     5 |    10 ||    15
       Spider Form       |       |     1 ||     1
  Use: Scroll            |     1 |     6 ||     7
 Stab: Sleeping          |     2 |       ||     2
  Eat: Chunk             |     2 |     5 ||     7
       Beef jerky        |       |     1 ||     1
       Bread ration      |       |     1 ||     1
